 Dungeon Crawl Stone Soup version 0.22.1-1-ga44c0e56f4 (webtiles) character file.

7853 Henning the Protected (level 11, -8/71 HPs)
             Began as a Gargoyle Fighter on Oct 2, 2018.
             Was a Priest of Makhleb.
             Killed by divine providence
             ... invoked by a smoke demon
             ... summoned by a kobold demonologist
              (13 damage)
             ... on level 10 of the Dungeon.
             The game lasted 00:42:46 (8508 turns).

Henning the Protected (Gargoyle Fighter)            Turns: 8508, Time: 00:42:47

Health: -8/71      AC:  9    Str: 21    XL:     11   Next: 21%
Magic:  13/13      EV:  7    Int:  9    God:    Makhleb [***...]
Gold:   585        SH: 11    Dex: 11    Spells: 10/10 levels left

rFire    + . .     SeeInvis .   I - +1 morningstar (protect)
rCold    . . .     Gourm    .   c - +0 shield
rNeg     + . .     Faith    .   B - +0 plate armour
rPois    ∞         Spirit   .   v - +2 helmet
rElec    +         Reflect  .   p - +0 cloak
rCorr    .         Harm     .   N - +0 pair of gloves
MR       +....                  q - +0 pair of boots
Stlth    ..........             s - amulet of regeneration (curse)
HPRegen  0.61/turn              E - ring of protection from magic
MPRegen  0.13/turn              K - ring of protection from fire

@: corroded, protection aura
A: negative energy resistance 1, electricity resistance, unbreathing,
petrification resistance, rot immunity, AC +8
a: Minor Destruction, Lesser Servant of Makhleb, Renounce Religion


You were on level 10 of the Dungeon.
You worshipped Makhleb.
Makhleb was most pleased with you.
You were hungry.

You visited 1 branch of the dungeon, and saw 10 of its levels.

You collected 585 gold pieces.

Inventory:

Hand Weapons
 a - a +1 flail
 I - a +1 morningstar of protection (weapon)
Armour
 c - a +0 shield (worn)
 e - a +0 chain mail
 p - a +0 cloak (worn)
 q - a +0 pair of boots (worn)
 v - a +2 helmet (worn)
 B - a +0 plate armour (worn)
 N - a +0 pair of gloves (worn)
Jewellery
 b - an uncursed ring of ice
 s - a cursed amulet of regeneration (around neck)
 y - an uncursed ring of protection from cold
 E - a ring of protection from magic (left hand)
 J - an uncursed ring of stealth
 K - a ring of protection from fire (right hand)
Wands
 g - a wand of flame (25)
 r - a wand of clouds (4)
 x - a wand of disintegration (6)
 z - a wand of random effects (31)
 H - a wand of paralysis (7)
 M - a wand of digging (32)
Scrolls
 j - 2 scrolls of amnesia
 m - 3 scrolls of enchant weapon
 o - 6 scrolls of remove curse
 t - 4 scrolls of teleportation {unknown}
 u - a scroll of noise {unknown}
 w - a scroll of enchant armour {unknown}
 C - 3 scrolls of identify
 F - a scroll of immolation {unknown}
 O - a scroll of fog {unknown}
 P - 2 scrolls of magic mapping {unknown}
Potions
 d - 2 potions of might
 h - a potion of lignification
 i - a potion of haste
 k - 2 potions of ambrosia
 l - 3 potions of brilliance
 n - a potion of heal wounds
 A - 2 potions of curing
 D - 3 potions of flight {unknown}
 G - a potion of berserk rage {unknown}
 L - a potion of degeneration {unknown}
Comestibles
 f - 28 rations


   Skills:
 + Level 9.4 Fighting
 + Level 8.3 Maces & Flails
 + Level 9.5 Armour
 + Level 3.4 Dodging
 + Level 9.4 Shields
 + Level 3.5 Invocations


You had 10 spell levels left.
You didn't know any spells.
Your spell library contained the following spells:

 Spells                   Type           Power        Failure   Level  Hunger
 Apportation              Tloc           #.....       100%        1    ##.....
 Corona                   Hex            #......      100%        1    ##.....
 Summon Butterflies       Summ           #.......     100%        1    ##.....
 Ensorcelled Hibernation  Hex/Ice        #.....       100%        2    ###....
 Poisonous Vapours        Pois/Air       #.....       100%        2    ###....
 Confuse                  Hex            #.......     100%        3    ####...
 Conjure Flame            Conj/Fire      #.......     100%        3    ####...
 Dazzling Spray           Conj/Hex       #.....       100%        3    ####...
 Lesser Beckoning         Tloc           #.........   100%        3    ####...
 Mephitic Cloud           Conj/Pois/Air  #.......     100%        3    ####...
 Tukima's Dance           Hex            #.......     100%        3    ####...
 Alistair's Intoxication  Tmut/Pois      #.......     100%        5    ######.
 Freezing Cloud           Conj/Ice/Air   #.........   100%        6    #######
 Invisibility             Hex            #.......     100%        6    #######
 Ring of Flames           Chrm/Fire      #.........   100%        7    #######


Dungeon Overview and Level Annotations

Branches:
Dungeon (10/15)            Temple (0/1) D:5            Lair (0/6) D:9
    Orc (0/2) D:9

Altars:
Dithmenos
Elyvilon
Gozag
Hepliaklqana
Makhleb
Okawaru
Ru
Xom

Shops:
D:7 ?   D:9 (


Innate Abilities, Weirdness & Mutations

You are resistant to torment.
Your stone body is resilient. (AC +8)
You are immune to poison.
You resist negative energy. (rN+)
You are resistant to electric shocks. (rElec)
You can survive without breathing.
You are immune to petrification.
You are immune to rotting.


Message History

Okay, then.
You feel much better. The sixfirhy closely misses you.
You block the sixfirhy's attack.
The crimson imp blinks!
The white imp disappears in a puff of smoke!
The sixfirhy hits you. The sixfirhy shocks you. You resist.
The smoke demon gestures at you. Something smites you!
* * * LOW HITPOINT WARNING * * *
You block the sixfirhy's attack.
You puncture the sixfirhy!
Your weapon exudes an aura of protection.
The sixfirhy is moderately wounded.
The sixfirhy hits you but does no damage.
You block the sixfirhy's attack. The sixfirhy hits you.
* * * LOW HITPOINT WARNING * * *
The sixfirhy shocks you. You resist.
* * * LOW HITPOINT WARNING * * *
The smoke demon gestures at you. Something smites you!
You die...

..........# ####
#.......#
.....#.3.....#
.....##'#######.
.......K.......>
..5.....5.......
#######.######## # #3#
#.####@# #......#####
#.#........# #........#
#........############
...............).(((((.
#.#####################
#. #


You could see a kobold demonologist, a sixfirhy, a smoke demon and an iron imp.

Vanquished Creatures
  A two-headed ogre (D:8)
  Erica (D:8)
  4 hornets
  A hippogriff (D:9)
  A vampire (D:10)
  A soldier ant (D:9)
  A water moccasin (D:7)
  Duvessa (D:4)
  3 orc warriors
  3 ice beasts
  2 sky beasts
  3 black bears
  A phantom (D:6)
  6 ogres
  4 centaurs
  3 bullfrogs
  A gnoll sergeant (D:7)
  Dowan (D:4)
  3 scorpions
  9 killer bees
  4 wights (D:9)
  2 howler monkeys
  3 electric eels (D:9)
  5 crimson imps
  A centaur zombie (D:6)
  7 hounds
  2 quasits (D:9)
  A bullfrog zombie (D:9)
  2 centaur skeletons
  2 jellies
  A bullfrog skeleton (D:7)
  6 orc priests
  4 iguanas
  9 orc wizards
  6 worker ants
  2 hound zombies
  2 hound skeletons
  Robin (D:4)
  15 adders
  3 gnolls (D:7)
  2 shadow imps
  3 oozes
  An adder skeleton (D:8)
  A worm (D:2)
  3 dart slugs (D:2)
  4 leopard geckos
  39 orcs
  13 bats
  5 giant cockroaches
  17 goblins
  7 hobgoblins
  21 jackals
  9 kobolds
  3 quokkas
  3 ball pythons
  6 frilled lizards
  A quokka skeleton (D:4)
  A quokka zombie (D:5)
  7 rats
274 creatures vanquished.

Vanquished Creatures (others)
  An orc wizard (D:4)
1 creature vanquished.

Grand Total: 275 creatures vanquished

Notes
Turn   | Place    | Note
-------+----------+-------------------------------------------
     0 | D:1      | Henning the Gargoyle Fighter began the quest for the Orb.
     0 | D:1      | Reached XP level 1. HP: 14/14 MP: 1/1
    91 | D:1      | Reached XP level 2. HP: 17/19 MP: 2/2
   291 | D:1      | Reached XP level 3. HP: 19/23 MP: 3/3
   850 | D:2      | Reached XP level 4. HP: 28/29 MP: 4/4
  1166 | D:2      | Found a sacrificial altar of Ru.
  1423 | D:2      | Reached XP level 5. HP: 30/33 MP: 5/5
  1948 | D:3      | Found an iron altar of Okawaru.
  2392 | D:3      | Reached XP level 6. HP: 39/39 MP: 6/6
  2748 | D:4      | Noticed Robin
  3060 | D:4      | Killed Robin
  3385 | D:4      | Reached skill level 5 in Fighting
  3385 | D:4      | Reached skill level 5 in Armour
  3385 | D:4      | Reached skill level 5 in Shields
  3385 | D:4      | Reached XP level 7. HP: 33/44 MP: 7/7
  3499 | D:4      | Noticed Duvessa
  3504 | D:4      | Noticed Dowan
  3520 | D:4      | Killed Duvessa
  3541 | D:4      | HP: 1/44 [Dowan/shard of ice (23)]
  3583 | D:4      | HP: 1/44 [Dowan/shard of ice (6)]
  3584 | D:4      | Killed Dowan
  4473 | D:4      | Reached XP level 8. HP: 51/51 MP: 8/8
  4539 | D:5      | Entered Level 5 of the Dungeon
  4596 | D:5      | Found a staircase to the Ecumenical Temple.
  4625 | D:5      | Reached skill level 5 in Maces & Flails
  5035 | D:5      | Found a burning altar of Makhleb.
  5035 | D:5      | Noticed a cacodemon
  5038 | D:5      | Noticed a hellwing
  5044 | D:5      | Became a worshipper of Makhleb the Destroyer
  5168 | D:6      | Reached XP level 9. HP: 56/56 MP: 9/9
  5411 | D:6      | Found a shimmering altar of Xom.
  5412 | D:6      | Found a hazy altar of Hepliaklqana.
  5413 | D:6      | Noticed a spectral ugly thing
  5532 | D:6      | Reached skill level 1 in Dodging
  5581 | D:6      | Reached * piety under Makhleb
  5893 | D:7      | Found a shadowy altar of Dithmenos.
  6216 | D:7      | Found an opulent altar of Gozag.
  6305 | D:7      | Reached XP level 10. HP: 64/64 MP: 10/10
  6425 | D:7      | Found Tulokell's Magic Scroll Boutique.
  6457 | D:7      | Reached ** piety under Makhleb
  6494 | D:7      | Found a white marble altar of Elyvilon.
  6842 | D:8      | Noticed Erica
  6892 | D:8      | Killed Erica
  6949 | D:8      | Noticed a two-headed ogre
  6966 | D:8      | Killed a two-headed ogre
  6966 | D:8      | Reached skill level 1 in Invocations
  7515 | D:9      | Reached *** piety under Makhleb
  7522 | D:9      | Reached XP level 11. HP: 62/71 MP: 13/13
  7828 | D:9      | Found a staircase to the Orcish Mines.
  7839 | D:9      | Found a staircase to the Lair.
  8080 | D:9      | Found Imiaf's Weapon Shoppe.
  8254 | D:10     | Entered Level 10 of the Dungeon
  8490 | D:10     | Noticed a sixfirhy
  8508 | D:10     | Killed from afar by a smoke demon

Skill      XL: |  1  2  3  4  5  6  7  8  9 10 11 |
---------------+----------------------------------+-----
Armour         | 4 5 6 8 9 |  9.5
Fighting       | 4 5 6 8 9 |  9.4
Shields        | 4 5 6 8 9 |  9.4
Maces & Flails | 3 4 5 7 8 |  8.3
Dodging        | 2 3 |  3.4
Invocations    | 2 3 |  3.5

Action                   |  1- 3 |  4- 6 |  7- 9 | 10-12 || total
-------------------------+-------+-------+-------+-------++-------
Melee: Flail             |   146 |   256 |   606 |    27 ||  1035
       Morningstar       |       |       |       |   445 ||   445
  Use: Scroll            |       |     5 |     4 |       ||     9
       Potion            |       |       |       |     1 ||     1
  Eat: Chunk             |       |     9 |    11 |     7 ||    27
Armor: Scale mail        |    94 |    53 |       |       ||   147
       Chain mail        |       |    70 |   150 |       ||   220
       Plate armour      |       |       |   243 |   545 ||   788
Dodge: Dodged            |    50 |    54 |   124 |   173 ||   401
Block: Shield            |    77 |   149 |   310 |   381 ||   917
